AoeStats
← Miguel Angel

Black Forest

510002724Analyzed
2v2 RM · 4d ago on Sep 29, 2026· 19m 3s· 4 players
Game mode
Random Map
Map size
Medium (4 player)
Population
200
Speed
Normal
Resources
Standard
Victory
Conquest
Starting age
Dark Age
Ending age
Imperial Age
RankedLock teamsTeams togetherTeam positionsShared explorationLock speedFull tech treeHidden civsTurbo modeCheats
Victory
Defeat
🇦🇷 Romans · Argentina
1001
+12
🇲🇽 Britons · Mexico
902
+16
🇨🇴 Burgundians · Colombia
937
-15
🇵🇪 Saracens · Peru
891
-13
eeddwwiinn200
0:27 Loom
9:27 Double-Bit Axe
12:09 Wheelbarrow
16:19 Feudal Age
15:37 Fishing Lines
17:53 Hand Cart
18:49 Bow Saw
Miguel Angel
0:56 Loom
14:07 Feudal Age
sonrisgsvh1131
0:50 Loom
10:40 Feudal Age
maxibram
0:33 Loom
13:50 Feudal Age
20:38 Castle Age
Connection lost

Rejoining the realm…

Still unreachable

The connection could not be restored.

Session expired

The server has moved on; the page needs a fresh start.